 Dungeon Crawl Stone Soup version 0.27-a0-1525-g1038ab4fd7 (webtiles) character file.

Game seed: 7039105902251899536

439890 gimp the Axe Maniac (level 25, -4/194 HPs)
             Began as a Formicid Monk on July 10, 2021.
             Was an Initiate of Gozag.
             Slain by a golden dragon (8 damage)
             ... on level 3 of the Depths.
             The game lasted 01:41:45 (40839 turns).

gimp the Axe Maniac (Formicid Monk)                Turns: 40839, Time: 01:41:45

Health: -4/194     AC: 17    Str: 31    XL:     25   Next: 26%
Magic:  32/32      EV: 12    Int: 18    God:    Gozag
Gold:   8680       SH: 16    Dex: 14    Spells: 24/24 levels left

rFire    + + .     SeeInvis +   b - +8 frozen axe "Frostbite" {freezing cloud, *Noise Fly rC+}
rCold    + + +     Faith    .   Q - +0 kite shield of Vocvo {Slay+3}
rNeg     . . .     Spirit   .   L - +0 plate armour {rF+}
rPois    +         Reflect  .   (helmet unavailable)
rElec    +         Harm     .   O - scarf {shadows}
rCorr    +         Rampage  +   g - +0 pair of gloves of the Trombone {rC+ Regen+}
Will     +++..                  t - +1 pair of boots {rampage}
Stlth    ..........             G - amulet "Baesmaff" {rC+ Will+ Regen+ Int+3}
HPRegen  2.42/turn              p - ring "Uquban" {rPois MP+9 Str+3 Int+6}
MPRegen  0.23/turn              C - ring of resist corrosion

@: mighty, brilliant, resistant, corroded, gold aura, flying
A: permanent stasis, dig shafts and tunnels, antennae 3, four strong arms
}: 2/15 runes: decaying, gossamer
a: Dig, Shaft Self, Renounce Religion, Potion Petition, Call Merchant, Bribe
Branch


You were on level 3 of the Depths.
You worshipped Gozag.
Gozag was greatly pleased with you.
You visited 8 branches of the dungeon, and saw 39 of its levels.
You also visited: Ice Cave.

You collected 20823 gold pieces.
You spent 4781 gold pieces at shops.
You paid 7362 gold pieces to Gozag.

Inventory:

Hand Weapons
 a - a +9 executioner's axe of flaming
 b - the +8 frozen axe "Frostbite" (weapon) {freezing cloud, *Noise Fly rC+}
   (You acquired it on level 2 of the Orcish Mines)

   It has been specially enchanted to freeze those struck by it, causing extra
   injury to most foes and up to half again as much damage against particularly
   susceptible opponents.
   It can also slow down cold-blooded creatures.
   rC:        It protects you from cold.
   Fly:       It grants you flight.
   *Noise:    It may make noises in combat.
Missiles
 u - a throwing net
 E - 7 curare-tipped darts
Armour
 g - the +0 pair of gloves of the Trombone (worn) {rC+ Regen+}
   (You acquired it on level 7 of the Dungeon)

   rC:        It protects you from cold.
   Regen:     It increases your rate of health regeneration.
 t - a +1 pair of boots of rampaging (worn)
 L - a +0 plate armour of fire resistance (worn)
 O - a scarf of shadows (worn)
 Q - the +0 kite shield of Vocvo (worn) {Slay+3}
   (You acquired it on level 4 of the Spider Nest)

   Slay:      It affects your accuracy & damage with ranged weapons and melee
   (+3).
Jewellery
 p - the ring "Uquban" (left hand) {rPois MP+9 Str+3 Int+6}
   (You took it off an orc on level 8 of the Dungeon)

   [ring of intelligence]

   Str:       It affects your strength (+3).
   Int:       It affects your intelligence (+6).
   rPois:     It protects you from poison.
   MP:        It affects your magic capacity (+9).
 z - a ring of protection from cold
 A - a ring of protection from cold
 C - a ring of resist corrosion (right hand)
 F - a ring of positive energy
 G - the amulet "Baesmaff" (around neck) {rC+ Will+ Regen+ Int+3}
   (You bought it in a shop on level 1 of the Vaults)

   [amulet of regeneration]

   Int:       It affects your intelligence (+3).
   rC:        It protects you from cold.
   Regen:     It increases your rate of health regeneration.
   Will:      It increases your willpower.
 K - a ring of fire
Wands
 q - a wand of mindburst (26)
 r - a wand of polymorph (38)
 B - a wand of flame (78) (quivered)
 D - a wand of paralysis (15)
 I - a wand of digging (18)
 M - a wand of iceblast (22)
 N - a wand of acid (14)
Scrolls
 e - 4 scrolls of holy word
 h - 2 scrolls of fear
 k - 5 scrolls of fog
 m - 4 scrolls of silence
 n - 2 scrolls of summoning
 w - 6 scrolls of enchant armour
 H - 5 scrolls of magic mapping
Potions
 c - 2 potions of might
 d - 5 potions of magic
 f - 6 potions of cancellation
 i - 17 potions of curing
 l - 4 potions of resistance
 s - 6 potions of mutation
 v - 3 potions of invisibility
 x - 4 potions of heal wounds
 J - 17 potions of ambrosia
Miscellaneous
 o - a condenser vane (inert)
 y - a phial of floods
 P - a box of beasts


   Skills:
 - Level 15.0 Fighting
 O Level 27 Axes
 - Level 15.0 Armour
 + Level 8.4 Dodging
 - Level 2.4 Stealth
 + Level 17.3 Shields
 - Level 15.0 Evocations


You had 24 spell levels left.
You didn't know any spells.
Your spell library contained the following spells:

 Spells                   Type           Power      Damage    Failure   Level
 Animate Skeleton         Necr           0%         N/A       75%         1
 Apportation              Tloc           0%         N/A       75%         1
 Corona                   Hex            0%         N/A       75%         1
 Pain                     Necr           0%         1d4       75%         1
 Summon Small Mammal      Summ           0%         N/A       75%         1
 Corpse Rot               Necr/Air       N/A        N/A       86%         2
 Ensorcelled Hibernation  Hex/Ice        0%         N/A       86%         2
 Passwall                 Tmut/Erth      0%         N/A       86%         2
 Poisonous Vapours        Pois/Air       0%         N/A       86%         2
 Slow                     Hex            0%         N/A       86%         2
 Static Discharge         Conj/Air       0%         N/A       86%         2
 Sublimation of Blood     Necr           0%         N/A       86%         2
 Wereblood                Tmut           0%         N/A       86%         2
 Call Canine Familiar     Summ           0%         N/A       98%         3
 Confusing Touch          Hex            0%         N/A       98%         3
 Conjure Flame            Conj/Fire      0%         6-21      98%         3
 Frozen Ramparts          Ice            0%         1d2       98%         3
 Ignite Poison            Fire/Tmut/Pois 0%         N/A       98%         3
 Lesser Beckoning         Tloc           0%         N/A       98%         3
 Mephitic Cloud           Conj/Pois/Air  0%         N/A       98%         3
 Stone Arrow              Conj/Erth      0%         3d7       98%         3
 Summon Guardian Golem    Hex/Summ       0%         N/A       98%         3
 Tukima's Dance           Hex            0%         N/A       98%         3
 Vampiric Draining        Necr           0%         2d6       98%         3
 Airstrike                Air            0%         N/A       100%        4
 Animate Armour           Summ/Erth      0%         N/A       100%        4
 Animate Dead             Necr           0%         N/A       100%        4
 Dispel Undead            Necr           0%         3d6       100%        4
 Ice Form                 Ice/Tmut       0%         N/A       100%        4
 Iskenderun's Mystic Bla  Conj/Tloc      0%         2d3       100%        4
 Olgreb's Toxic Radiance  Pois           0%         N/A       100%        4
 Petrify                  Tmut/Erth      0%         N/A       100%        4
 Sticky Flame             Conj/Fire      0%         2d3       100%        4
 Summon Ice Beast         Ice/Summ       0%         N/A       100%        4
 Summon Lightning Spire   Summ/Air       0%         N/A       100%        4
 Alistair's Intoxication  Tmut/Pois      0%         N/A       100%        5
 Bolt of Magma            Conj/Fire/Erth 0%         4d4       100%        5
 Borgnjor's Vile Clutch   Necr/Erth      0%         N/A       100%        5
 Fireball                 Conj/Fire      0%         3d3       100%        5
 Freezing Cloud           Conj/Ice/Air   0%         6-21      100%        5
 Lightning Bolt           Conj/Air       0%         1d11      100%        5
 Manifold Assault         Tloc           0%         N/A       100%        5
 Metabolic Englaciation   Hex/Ice        0%         N/A       100%        5
 Summon Forest            Summ/Tloc      0%         N/A       100%        5
 Summon Mana Viper        Hex/Summ       0%         N/A       100%        5
 Yara's Violent Unravell  Hex/Tmut       0%         3d3       100%        5
 Conjure Ball Lightning   Conj/Air       0%         3x3d6     100%        6
 Death Channel            Necr           0%         N/A       100%        6
 Invisibility             Hex            0%         N/A       100%        6
 Shadow Creatures         Summ           N/A        N/A       100%        6
 Starburst                Conj/Fire      0%         8x6d3     100%        6
 Statue Form              Tmut/Erth      0%         N/A       100%        6
 Malign Gateway           Summ/Tloc      0%         N/A       100%        7
 Ozocubu's Refrigeration  Ice            0%         4d5       100%        7
 Storm Form               Tmut/Air       0%         N/A       100%        7
 Summon Hydra             Summ           0%         N/A       100%        7
 Borgnjor's Revivificati  Necr           0%         N/A       100%        8
 Discord                  Hex            0%         N/A       100%        8
 Disjunction              Tloc           0%         N/A       100%        8
 Ignition                 Fire           0%         3d3       100%        8
 Lehudib's Crystal Spear  Conj/Erth      0%         10d2      100%        8
 Maxwell's Capacitive Co  Air            0%         ∞         100%        8
 Necromutation            Tmut/Necr      0%         N/A       100%        8
 Summon Horrible Things   Summ           0%         N/A       100%        8
 Death's Door             Necr           0%         N/A       100%        9
 Blink                    Tloc           Unusable   N/A       N/A         2
 Swiftness                Air            Unusable   N/A       N/A         3

Dungeon Overview and Level Annotations

Branches:
Dungeon (15/15)            Temple (1/1) D:5            Lair (6/6) D:9
  Swamp (4/4) Lair:2       Spider (4/4) Lair:3        Slime (0/5) Lair:5
    Orc (2/2) D:11            Elf (0/3) Orc:2        Vaults (4/5) D:14
  Crypt (0/3) Vaults:3     Depths (3/5) D:15          IceCv (visited)

Altars:
Ashenzari
Cheibriados
Dithmenos
Elyvilon
Fedhas
Gozag
Hepliaklqana
Kikubaaqudgha
Makhleb
Nemelex Xobeh
Okawaru
Qazlal
Ru
Sif Muna
Trog
Uskayaw
Vehumet
Wu Jian
Xom
Yredelemnul
Zin
The Shining One
Beogh

Shops:
D:1 (   D:11 (   D:13 [   D:14 :[   Orc:2 (?**   Vaults:1 =   Vaults:4 [
Depths:1 ?

Portals:
Hell: Depths:1 Depths:2
Pandemonium: Depths:1
Ziggurat: Depths:1

Annotations:
D:10 3 runed translucent doors, DemonSlayer's ghost, journeyman HuBe
Lair:2 3 runed translucent doors, Ruiv's ghost, journeyman GrDe; indyram44's ghost, journeyman DsFi
Depths:3 the Enchantress


Innate Abilities, Weirdness & Mutations

You cannot be hasted, slowed, berserked, paralysed or teleported.
You can dig through walls and to a lower floor.
You have a pair of large antennae on your head. (SInv)
Your four strong arms can wield two-handed weapons with a shield.


Message History

You feel clever all of a sudden.
The storm dragon roars deafeningly!
The storm dragon is no longer distracted by gold.
The spriggan defender is engulfed in freezing vapours.
The spriggan defender hits you with a +1 vampiric lajatang!
The spriggan defender draws strength from your wounds!
The storm dragon is engulfed in freezing vapours.
The spriggan berserker is distracted by your dazzling golden aura.
The golden dragon is engulfed in freezing vapours.
You block the golden dragon's attack. x2
The golden dragon tramples you but does no damage.
The spriggan air mage waves its arms in wide circles.
The air twists around and strikes you.
The spriggan defender is engulfed in freezing vapours.
The spriggan defender splashes around in the water.
The Enchantress is engulfed in freezing vapours.
The Enchantress drinks a potion.
The Enchantress is healed!
The storm dragon is engulfed in freezing vapours.
You regained 10 hp, and now have 72/194 hp.
Unknown command.
Unknown command.
The spriggan berserker shouts!
You slash the golden dragon! You freeze the golden dragon.
The golden dragon is moderately wounded.
You slash the spriggan defender! You freeze the spriggan defender.
The spriggan berserker is no longer distracted by gold.
The spriggan defender is engulfed in freezing vapours.
The spriggan defender is distracted by your dazzling golden aura.
The spriggan defender is engulfed in freezing vapours.
The spriggan defender hits you with a +1 vampiric lajatang!!
* * * LOW HITPOINT WARNING * * *
The spriggan defender draws strength from your wounds!
The golden dragon is engulfed in freezing vapours.
The golden dragon bites you!!
* * * LOW HITPOINT WARNING * * *
The golden dragon claws you!
* * * LOW HITPOINT WARNING * * *
The golden dragon tramples you!
You die...
Your body crumbles into a pile of gold.

####≈≈≈≈≈≈≈≈≈≈≈≈≈####
##≈≈≈≈≈≈≈≈≈≈≈≈≈≈≈≈≈≈≈##
##≈≈≈≈≈≈♣≈♣≈≈≈♣≈♣≈≈≈≈≈≈##
#≈≈≈≈≈♣#≈#≈≈⌠≈≈#≈#♣≈≈≈≈≈#
##≈≈≈≈♣≈≈♣)♣≈≈≈♣≈♣≈≈♣≈≈≈≈##
#⌠≈≈≈#≈#♣≈≈≈☼≈○☼≈≈♣#≈#≈≈≈⌠#
#♣≈≈≈≈♣≈≈≈≈8☼○○8≈≈≈≈♣≈≈{≈♣#
#''#≈≈≈≈PP#○☼○#≈P≈≈≈{#++# $
#♣≈≈#PP≈####@§☼####P{{#≈)♣#
#≈≈≈#P### #iD≈# ###{##(≈#
##≈≈## ≈Di§i≈≈# ###.≈##
#8≈≈# i§§§§≈≈≈≈ #≈≈8# #≈≈≈#
≈##§§§##§§ ##≈≈# #≈≈## ≈#


♣iii♣ #☼ #8≈## #≈≈8# ≈≈ ≈≈i≈≈ #≈≈8# #≈≈≈# $ $ {##≈≈# $ ##≈≈# $ $ { #8≈## You
could see a golden dragon (catching breath), a storm dragon, the Enchantress
(repels missiles), 3 spriggan defenders, a spriggan berserker, 2 spriggan air
magi and a spriggan.

Vanquished Creatures
  A juggernaut (Depths:2)
  Boris (Depths:3)
  Bai Suzhen (Spider:4)
  2 caustic shrikes (Depths:3)
  Saint Roka (Vaults:4)
  3 golden dragons (Depths:3)
  A bone dragon (Depths:1)
  Jorgrun (Swamp:2)
  2 hellephants (Depths:1)
  2 tentacled monstrosities
  A quicksilver dragon (Depths:3)
  The ghost of wesbby the Tortoise, an adept MiBe of Trog (Spider:3)
  6 sphinxes
  4 tengu reavers
  A shadow dragon (Depths:2)
  3 fire giants
  14 vault wardens
  2 ghost moths (Spider:4)
  4 frost giants
  Aizul (Swamp:2)
  8 emperor scorpions
  4 iron dragons
  21 ironbound preservers
  12 stone giants
  A spriggan defender (Depths:2)
  30 very ugly things
  3 war gargoyles (Vaults:4)
  A caustic shrike skeleton (Depths:1)
  A reaper (IceCv)
  A vampire knight (Depths:1)
  Azrael (Spider:3)
  10 dire elephants
  A deep elf annihilator (Depths:3)
  3 bunyips
  2 entropy weavers
  2 spark wasps
  2 merfolk javelineers (Depths:3)
  5 ettins
  5 eleionomae
  Josephine (D:11)
  4 shambling mangroves
  7 ironbound thunderhulks
  6 fire dragons
  24 hydras
  7 great orbs of eyes
  A merfolk impaler (Depths:3)
  7 yaktaur captains
  4 rakshasas
  3 ice dragons
  6 boulder beetles
  2 spriggan air magi (Depths:3)
  10 ironbound frosthearts
  2 peacekeepers (Vaults:4)
  6 centaur warriors
  A ghost crab (Swamp:4)
  A death knight (D:15)
  4 ogre magi (Orc:2)
  18 vault guards
  2 catoblepae
  14 two-headed ogres
  7 hell hogs (Depths:1)
  4 alligators
  A titan zombie (Depths:1)
  2 deep troll earth magi
  2 tengu warriors
  5 ironbound beastmasters
  The ghost of nyamberluvr69 the Fighter, a novice OpBe of Trog (Lair:1)
  3 death yaks
  A vampire mage (Depths:1)
  3 deep troll shamans
  9 spriggan berserkers
  2 spectral dire elephants (Lair:6)
  Sonja (D:12)
  Nergalle (D:11)
  A deep elf knight (Depths:3)
  A hell knight (Depths:2)
  A titan skeleton (Depths:1)
  4 iron trolls
  7 goliath frogs
  A storm dragon skeleton (Depths:1)
  A spectral anaconda (Lair:6)
  A flayed ghost (Depths:1)
  7 spriggan druids
  2 glowing orange brains (Depths:2)
  65 deep trolls
  10 wizards
  8 swamp dragons
  An obsidian statue (Lair:6)
  2 tengu zombies (Depths:1)
  2 orange crystal statues (Depths:3)
  3 deep elf archers (Depths:3)
  8 bog bodies (Swamp:4)
  12 ironbound convokers
  7 lindwurms
  2 shadow dragon zombies (Depths:1)
  Pikel (D:7)
  17 orb spiders
  2 golden dragon skeletons (Depths:1)
  15 harpies
  5 necromancers
  40 ugly things
  25 wolf spiders
  2 orc knights (D:15)
  An orc sorcerer (Orc:1)
  3 cyclopes (D:15)
  A human zombie (Vaults:1)
  An iron dragon skeleton (Depths:1)
  5 will-o-the-wisps
  A moth of wrath (shapeshifter) (D:15)
  5 manticores
  18 elephants
  5 oklob plants
  14 vault sentinels
  A moth of wrath (Spider:4)
  A tengu skeleton (Depths:1)
  2 black mambas
  An ice statue (IceCv)
  3 torpor snails
  A dire elephant zombie (Lair:6)
  3 gargoyles
  A spriggan zombie (Depths:1)
  A komodo dragon (shapeshifter) (D:13)
  A cane toad (shapeshifter) (D:14)
  4 elf skeletons (Depths:1)
  39 yaktaurs
  3 unseen horrors
  11 demonic crawlers
  Maggie (D:7)
  2 rime drakes
  21 cane toads
  3 elf zombies (Depths:1)
  8 komodo dragons
  An anaconda simulacrum (IceCv)
  2 efreet
  6 tengu conjurers
  9 meliai
  A polar bear (Lair:6)
  24 jumping spiders
  A jumping spider (shapeshifter) (D:14)
  A bloated husk (Swamp:4)
  A hornet (shapeshifter) (D:15)
  15 hornets
  7 tyrant leeches
  2 queen bees
  7 trolls
  6 blink frogs
  17 slime creatures
  5 spectral elephants (Lair:6)
  4 dream sheep (Lair:6)
  A snapping turtle (shapeshifter) (Depths:2)
  A fire giant simulacrum (Vaults:1)
  14 spriggans
  7 water elementals
  4 dire elephant simulacra (IceCv)
  2 shadows
  75 redbacks
  28 tarantellas
  4 wyverns
  42 yaks
  A vampire (D:9)
  6 wraiths
  A fire elemental (Spider:3)
  A hog (shapeshifter) (D:14)
  8 basilisks
  A human (D:14)
  Grum (Lair:1)
  3 steam dragons
  16 vampire mosquitoes
  Menkaure (D:4)
  3 wargs
  5 death yak simulacra
  A spectral cane toad (Lair:6)
  2 harpy simulacra (IceCv)
  9 swamp worms
  An acid dragon (D:11)
  3 hell hounds (Spider:3)
  13 water moccasins
  19 orc warriors
  A hornet zombie (D:7)
  A black bear (shapeshifter) (D:11)
  2 black bears
  5 swamp drakes
  A sky beast (D:6)
  5 elephant zombies (Lair:6)
  An ice beast (D:5)
  2 necrophages (D:5)
  26 ogres
  18 wolves
  6 boggarts
  8 centaurs
  An elephant skeleton (Lair:6)
  2 phantoms
  2 felids (D:1)
  3 kobold brigands
  4 lemures (D:7)
  10 bullfrogs
  2 wyvern zombies
  4 cane toad simulacra (Lair:6)
  2 two-headed ogre simulacra (IceCv)
  A wyvern skeleton (D:7)
  2 water moccasin skeletons (D:5)
  13 wights
  2 elephant simulacra
  60 killer bees
  5 electric eels (Lair:2)
  3 howler monkeys
  4 centaur zombies
  A bullfrog zombie (D:6)
  13 orc priests
  4 hounds
  A centaur skeleton (D:4)
  2 gnoll shamans
  A jelly (D:6)
  2 iguanas
  A bullfrog skeleton (D:7)
  9 hell rats
  13 orc wizards
  A scorpion zombie (D:5)
  3 polar bear simulacra (IceCv)
  4 troll simulacra (IceCv)
  9 spriggan simulacra (IceCv)
  A howler monkey zombie (D:6)
  10 gnolls
  2 howler monkey skeletons
  14 adders
  A river rat (Lair:4)
  7 naga simulacra (IceCv)
  3 shadow imps
  5 white imps
  7 ufetubi
  An adder skeleton (D:4)
  2 worms
  A dart slug (D:4)
  72 orcs
  4 ball pythons
  6 endoplasms
  5 giant cockroaches
  3 goblins
  12 hobgoblins
  A jackal (D:2)
  3 quokkas
  7 bats
  7 frilled lizards
  18 kobolds
  7 rats
  A withered plant (Lair:6)
1593 creatures vanquished.

Vanquished Creatures (others)
  A hell hog (Depths:1)
  A swamp dragon (Swamp:4)
  A draconian (D:1)
  A djinni (D:1)
  A palentonga (D:1)
  3 elves (D:1)
  3 merfolk (D:1)
  A bloated husk (Swamp:1)
  A demonspawn (D:1)
  A swamp drake (Swamp:4)
  A dwarf (D:1)
  A tengu (D:1)
  A felid (D:1)
  A gnoll (D:1)
  An orc (D:1)
  18 foxfires
  23 fungi
  23 plants
  5 tentacles (D:1)
  8 toadstools (Lair:2)
  21 withered plants
117 creatures vanquished.

Grand Total: 1710 creatures vanquished

Notes
Turn   | Place    | Note
-------+----------+-------------------------------------------
     0 | D:1      | gimp the Formicid Monk began the quest for the Orb.
     0 | D:1      | Reached XP level 1. HP: 18/18 MP: 1/1
     2 | D:1      | Killed a felid
     4 | D:1      | Noticed a palentonga
     4 | D:1      | Noticed an elf
     4 | D:1      | Noticed a demonspawn
     4 | D:1      | Noticed a dwarf
     4 | D:1      | Noticed a merfolk
     4 | D:1      | Noticed a merfolk
     4 | D:1      | Noticed an elf
     4 | D:1      | Noticed a kraken
     4 | D:1      | Noticed a tengu
     4 | D:1      | Noticed a djinni
     4 | D:1      | Noticed a draconian
     4 | D:1      | Noticed a merfolk
     4 | D:1      | Noticed an elf
     5 | D:1      | Killed an elf
    13 | D:1      | Killed a merfolk
    15 | D:1      | Killed a tengu
    17 | D:1      | Killed a draconian
    17 | D:1      | Killed a merfolk
    19 | D:1      | Killed a djinni
    20 | D:1      | Killed a palentonga
    21 | D:1      | Found Waresa's Antique Weapon Shoppe.
    21 | D:1      | Killed an elf
    21 | D:1      | Killed an elf
    22 | D:1      | Killed a demonspawn
    22 | D:1      | Killed a dwarf
    24 | D:1      | Killed a merfolk
    34 | D:1      | Noticed a felid
    45 | D:1      | You fall into a shaft and drop 1 floor!
   288 | D:1      | Reached XP level 2. HP: 17/25 MP: 2/2
   466 | D:2      | Reached XP level 3. HP: 31/31 MP: 3/3
   900 | D:2      | Reached skill level 5 in Fighting
   906 | D:2      | Reached XP level 4. HP: 34/39 MP: 4/4
   943 | D:2      | Reached skill level 1 in Armour
  1842 | D:1      | Killed a felid
  1843 | D:1      | Reached skill level 4 in Axes
  1843 | D:1      | Reached XP level 5. HP: 34/44 MP: 5/5
  2083 | D:1      | Noticed a felid
  2107 | D:1      | Killed a felid
  2108 | D:1      | Reached XP level 6. HP: 27/51 MP: 6/6
  2511 | D:3      | Found a shimmering altar of Xom.
  2549 | D:3      | Reached skill level 5 in Axes
  2976 | D:3      | Found a faded altar of an unknown god.
  3408 | D:4      | Noticed Menkaure
  3451 | D:4      | Found a basalt altar of Yredelemnul.
  3747 | D:4      | Reached XP level 7. HP: 52/56 MP: 7/7
  3797 | D:4      | Reached skill level 6 in Axes
  3900 | D:4      | Got the Collected Works on the Creative Traveller
  3995 | D:5      | Entered Level 5 of the Dungeon
  4215 | D:5      | Reached XP level 8. HP: 62/62 MP: 8/8
  4305 | D:5      | Reached skill level 7 in Axes
  4505 | D:4      | Killed Menkaure
  4506 | D:4      | Reached skill level 5 in Armour
  4922 | D:5      | Reached skill level 8 in Axes
  4924 | D:5      | Found a staircase to the Ecumenical Temple.
  4942 | Temple   | Entered the Ecumenical Temple
  5118 | Temple   | Became a worshipper of Gozag Ym Sagoz the Greedy
  5542 | D:5      | Found a glowing silver altar of Zin.
  5729 | D:6      | Reached skill level 9 in Axes
  5746 | D:6      | Reached XP level 9. HP: 67/68 MP: 9/9
  5867 | D:6      | Found a sacrificial altar of Ru.
  5885 | D:6      | Found a broken altar of Ashenzari.
  6185 | D:6      | Reached skill level 10 in Axes
  6920 | D:7      | Found a snail-covered altar of Cheibriados.
  7256 | D:7      | Noticed Pikel
  7280 | D:7      | Killed Pikel
  7281 | D:7      | Reached skill level 11 in Axes
  7712 | D:7      | Reached XP level 10. HP: 72/76 MP: 10/10
  7758 | D:7      | Found a glowing golden altar of the Shining One.
  7940 | D:7      | Noticed Maggie
  7959 | D:7      | Killed Maggie
  8524 | D:7      | Identified a scroll of acquirement
  8524 | D:7      | Acquired the +0 pair of gloves of the Trombone {rC+ Regen+}
  8594 | D:8      | Reached skill level 12 in Axes
  8798 | D:8      | Found an iron altar of Okawaru.
  8998 | D:8      | Identified the ring "Uquban" {rPois MP+9 Str+3 Int+6}
  9457 | D:9      | Noticed a boulder beetle
  9612 | D:9      | Killed a boulder beetle
  9613 | D:9      | Reached skill level 13 in Axes
  9824 | D:9      | Reached XP level 11. HP: 86/86 MP: 11/11
 10082 | D:9      | Found a staircase to the Lair.
 10832 | D:10     | Entered Level 10 of the Dungeon
 10847 | D:10     | Found an ornate altar of the Wu Jian Council.
 10925 | D:10     | Noticed a two-headed ogre
 10956 | D:10     | Found a runed translucent gate.
 10958 | D:10     | Noticed DemonSlayer's ghost (journeyman HuBe)
 10960 | D:10     | Found a runed translucent gate.
 10960 | D:10     | Found a runed translucent gate.
 10969 | D:10     | Found a hide-covered altar of Uskayaw.
 11042 | D:10     | Noticed a two-headed ogre
 11053 | D:10     | Killed a two-headed ogre
 11246 | D:10     | Reached skill level 14 in Axes
 11406 | D:10     | Killed a two-headed ogre
 11615 | D:11     | Noticed Josephine
 11631 | D:11     | Killed Josephine
 11641 | D:11     | Reached XP level 12. HP: 76/95 MP: 12/12
 11878 | D:11     | Reached skill level 15 in Axes
 12397 | D:11     | Noticed a boulder beetle
 12410 | D:11     | Killed a boulder beetle
 12565 | D:11     | Found a staircase to the Orcish Mines.
 12690 | D:12     | Noticed a two-headed ogre
 12705 | D:12     | Killed a two-headed ogre
 12816 | D:12     | Noticed Sonja
 12849 | D:12     | Killed Sonja
 13116 | D:12     | You fall into a shaft and drop 3 floors!
 13116 | D:15     | Entered Level 15 of the Dungeon
 13116 | D:15     | Noticed a centaur warrior
 13127 | D:15     | Killed a centaur warrior
 13128 | D:15     | Reached skill level 16 in Axes
 13257 | D:15     | Reached skill level 1 in Shields
 13267 | D:15     | Reached XP level 13. HP: 78/101 MP: 13/13
 13378 | D:15     | Found a staircase to the Depths.
 13463 | D:15     | Noticed a five-headed hydra
 13493 | D:15     | Killed a one-headed hydra
 13511 | D:15     | Noticed a boulder beetle
 13539 | D:15     | Killed a boulder beetle
 13716 | D:14     | Noticed a boulder beetle
 13719 | D:14     | Noticed a centaur warrior
 13726 | D:14     | Killed a centaur warrior
 13727 | D:14     | Reached skill level 17 in Axes
 13727 | D:14     | Reached skill level 5 in Shields
 13744 | D:14     | Killed a boulder beetle
 14752 | D:13     | Noticed a centaur warrior
 14766 | D:13     | Killed a centaur warrior
 14996 | D:13     | Found Poocs's Antique Armour Emporium.
 15077 | D:14     | You fall into a shaft and drop 1 floor!
 15099 | D:15     | Noticed a five-headed hydra
 15110 | D:15     | Killed a one-headed hydra
 15206 | D:14     | Noticed a catoblepas
 15229 | D:14     | Killed a catoblepas
 15230 | D:14     | Reached XP level 14. HP: 108/108 MP: 14/14
 15266 | D:14     | Reached skill level 18 in Axes
 15446 | Orc:1    | Entered Level 1 of the Orcish Mines
 15446 | Orc:1    | Noticed Nergalle
 15462 | D:11     | Killed Nergalle
 15970 | Orc:2    | Entered Level 2 of the Orcish Mines
 16208 | Orc:2    | Found a staircase to the Elven Halls.
 16641 | Orc:2    | Reached skill level 19 in Axes
 16655 | Orc:2    | Found Pouhohef's Assorted Antiques.
 16655 | Orc:2    | Found Atequa's Weapon Shop.
 16655 | Orc:2    | Found Mischuinu's Assorted Antiques.
 16655 | Orc:2    | Found Comorun's Magic Scroll Shoppe.
 16668 | Orc:2    | Reached skill level 10 in Shields
 16676 | Orc:2    | Bought a scroll of acquirement for 832 gold pieces
 16676 | Orc:2    | Acquired a +5 executioner's axe of venom
 16701 | Orc:2    | Bought a scroll of acquirement for 1768 gold pieces
 16701 | Orc:2    | Bought a potion of heal wounds for 170 gold pieces
 16702 | Orc:2    | Acquired the +8 frozen axe "Frostbite" {freezing cloud,
                  | *Noise Fly rC+}
 16703 | Orc:2    | Found the +8 frozen axe "Frostbite" {freezing cloud, *Noise
                  | Fly rC+}
 16981 | D:11     | Bought a glowing hand axe for 162 gold pieces
 16984 | D:11     | Bought a runed battleaxe for 256 gold pieces
 17136 | Lair:1   | Entered Level 1 of the Lair of Beasts
 17142 | Lair:1   | Found a transporter.
 17145 | Lair:1   | Noticed nyamberluvr69's ghost (novice OpBe)
 17159 | Lair:1   | Noticed Grum
 17168 | Lair:1   | Killed Grum
 17215 | Lair:1   | Found a transporter.
 17260 | Lair:1   | Found a frozen archway.
 17285 | IceCv    | Entered an ice cave
 17925 | IceCv    | Noticed a reaper
 17947 | IceCv    | Killed a reaper
 17948 | IceCv    | Reached XP level 15. HP: 80/113 MP: 15/15
 18728 | Lair:2   | Found a runed translucent gate.
 18728 | Lair:2   | Found a runed translucent gate.
 18728 | Lair:2   | Found a runed translucent gate.
 18821 | Lair:2   | Found a staircase to the Swamp.
 19111 | Lair:2   | Noticed Ruiv's ghost (journeyman GrDe)
 19358 | Lair:2   | Noticed indyram44's ghost (journeyman DsFi)
 19364 | Lair:2   | Found the +5 sword of Power {vorpal}
 19596 | Lair:2   | Found a runed translucent door.
 19977 | Lair:3   | Reached skill level 10 in Fighting
 20018 | Lair:3   | Found a hole to the Spider Nest.
 20236 | Lair:3   | Reached skill level 20 in Axes
 20262 | Lair:3   | Identified the +0 leather armour "Bemem" {Rampage *Slow
                  | Slay+2}
 21173 | Lair:4   | Reached XP level 16. HP: 85/124 MP: 16/16
 21456 | Lair:4   | Identified the +6 morningstar of Symmetry {freeze, rElec
                  | rC+ Dex-3}
 21479 | Lair:4   | Reached skill level 1 in Evocations
 21806 | Lair:5   | Found a glowing golden altar of the Shining One.
 21931 | Lair:5   | Found a staircase to the Slime Pits.
 22506 | Lair:6   | Entered Level 6 of the Lair of Beasts
 22829 | Lair:6   | Reached XP level 17. HP: 131/131 MP: 17/17
 23384 | Lair:6   | Identified the +2 ring mail of Qahuwore {rCorr Str-5 Int+4}
 23385 | Lair:6   | Identified the +8 dagger of Zuyl {protect, Str+4 Int+2
                  | Dex-5}
 23540 | Lair:6   | Reached skill level 21 in Axes
 24023 | D:14     | Found Woeg's Book Shop.
 24271 | D:14     | Found a gate to the Vaults.
 24366 | D:15     | Reached XP level 18. HP: 98/138 MP: 18/18
 24691 | D:14     | Bought an embroidered scarf for 184 gold pieces
 24734 | D:14     | Bought a pair of runed boots for 172 gold pieces
 24737 | D:14     | Bought a pair of runed boots for 172 gold pieces
 25174 | Lair:1   | Killed nyamberluvr69's ghost
 25261 | Swamp:1  | Entered Level 1 of the Swamp
 25974 | Swamp:2  | Noticed Aizul
 25985 | Swamp:2  | Killed Aizul
 26122 | Swamp:2  | Noticed Jorgrun
 26138 | Swamp:2  | Killed Jorgrun
 26139 | Swamp:2  | Reached skill level 10 in Evocations
 26680 | Swamp:3  | Noticed a tentacled monstrosity
 26691 | Swamp:3  | Killed a tentacled monstrosity
 26692 | Swamp:3  | Reached skill level 22 in Axes
 26998 | Swamp:3  | Found a basalt altar of Yredelemnul.
 27040 | Swamp:4  | Entered Level 4 of the Swamp
 27072 | Swamp:3  | HP: 3/138 [eight-headed hydra[a spriggan druid] (9)]
 27202 | Swamp:4  | Reached XP level 19. HP: 83/143 MP: 19/19
 27225 | Swamp:4  | Reached skill level 15 in Shields
 27824 | Swamp:4  | Got a decaying rune of Zot
 27954 | Spider:1 | Entered Level 1 of the Spider Nest
 28019 | Spider:1 | Reached skill level 23 in Axes
 28610 | Spider:1 | Identified the +7 scimitar of the Eternal Warrior {venom,
                  | +Rage rC- rN+}
 29861 | Spider:2 | Acquired 501 gold pieces
 29906 | Spider:3 | Noticed Azrael
 29913 | Spider:3 | Killed Azrael
 30070 | Spider:3 | Reached XP level 20. HP: 150/150 MP: 20/20
 30232 | Spider:3 | Found a runed translucent door.
 30235 | Spider:3 | Noticed wesbby's ghost (adept MiBe)
 30434 | Spider:3 | Killed wesbby's ghost
 30441 | Spider:3 | Identified the +5 trident of Abuse {flame, Will+ MP+9
                  | Dex-3}
 30489 | Spider:4 | Entered Level 4 of the Spider Nest
 30494 | Spider:4 | Acquired the +0 kite shield of Vocvo {Slay+3}
 30535 | Spider:3 | Reached skill level 10 in Armour
 31202 | Spider:4 | Identified the +2 leather armour of Plasticity {rElec
                  | Slay+3}
 31263 | Spider:4 | Reached skill level 24 in Axes
 31278 | Spider:4 | Noticed Bai Suzhen
 31285 | Spider:4 | Killed Bai Suzhen
 31912 | Spider:4 | Got a gossamer rune of Zot
 32239 | Vaults:1 | Entered Level 1 of the Vaults
 32485 | Vaults:1 | Acquired 1279 gold pieces
 32695 | Vaults:1 | Reached XP level 21. HP: 125/156 MP: 21/21
 33529 | Vaults:1 | Bought the amulet "Baesmaff" {rC+ Will+ Regen+ Int+3} for
                  | 1006 gold pieces
 33650 | Vaults:2 | Reached skill level 25 in Axes
 33835 | Vaults:2 | Identified the +1 scale mail "Harup" {+Inv rElec}
 34104 | Vaults:2 | Identified the +3 mace of the Present {elec, Dex+5}
 34236 | Vaults:2 | Reached XP level 22. HP: 136/163 MP: 22/22
 35451 | Vaults:3 | Found a staircase to the Crypt.
 35451 | Vaults:3 | Found an ancient bone altar of Kikubaaqudgha.
 35452 | Vaults:3 | Found a basalt altar of Yredelemnul.
 35610 | Vaults:3 | Reached skill level 26 in Axes
 35612 | Vaults:3 | Reached skill level 15 in Evocations
 36225 | Vaults:4 | Noticed Saint Roka
 36263 | Vaults:4 | Killed Saint Roka
 36264 | Vaults:4 | Reached XP level 23. HP: 142/171 MP: 23/23
 36780 | Vaults:4 | Reached skill level 15 in Armour
 37196 | Vaults:4 | Found Qaimpud's Antique Armour Shoppe.
 37536 | Depths:1 | Entered Level 1 of the Depths
 37562 | Depths:1 | Found Uwiafaw's Magic Scroll Boutique.
 37570 | Depths:1 | Bought a scroll of magic mapping for 59 gold pieces
 37626 | Depths:1 | Found a sacrificial altar of Ru.
 37647 | Depths:1 | Found a gateway to Hell.
 37769 | Depths:1 | Found a gateway to a ziggurat.
 38123 | Depths:1 | Found the +9 sword of Zonguldrok {reap}
 38189 | Depths:1 | Reached skill level 15 in Fighting
 38655 | Depths:1 | Found a one-way gate leading to the halls of Pandemonium.
 39071 | Depths:2 | Reached XP level 24. HP: 165/188 MP: 23/23
 39257 | Depths:2 | Reached skill level 5 in Dodging
 39633 | Depths:2 | Found the +10 dark maul {vorpal}
 39716 | Depths:2 | Noticed a juggernaut
 39730 | Depths:2 | Killed a juggernaut
 39902 | Depths:2 | Identified the +0 pair of gloves of an ossuary {Dex+2}
 40279 | Depths:3 | Noticed Boris
 40286 | Depths:3 | Killed Boris
 40377 | Depths:3 | Noticed a golden dragon
 40429 | Depths:3 | Killed a golden dragon
 40513 | Depths:3 | Noticed a golden dragon
 40533 | Depths:3 | Killed a golden dragon
 40535 | Depths:3 | Reached skill level 27 in Axes
 40542 | Depths:3 | Reached XP level 25. HP: 58/194 MP: 23/23
 40822 | Depths:3 | Noticed a caustic shrike
 40825 | Depths:3 | Noticed a caustic shrike
 40827 | Depths:3 | Noticed the Enchantress
 40834 | Depths:3 | Killed a caustic shrike
 40837 | Depths:3 | Killed a caustic shrike
 40839 | Depths:3 | HP: 4/194 [golden dragon (12)]
 40839 | Depths:3 | Slain by a golden dragon

Illustrated notes

Levels and vault maps discovered:
D:1:      nicolae_arrival_kraken_aquarium_b, layout_loops_corners, serial_shops,
          nicolae_shop_temple_entry_statues_fountains,
          chequers_decorated_corner, minmay_pentomino_t2
D:2:      layout_loops_ring, minmay_joined_circles
D:3:      layout_basic, overflow_temple_1_default,
          hellmonk_ecumenical_altar_pennies_from_heaven, minmay_pentangle
D:4:      layout_gridville, mainiacjoe_overflow_concentric_impassable,
          uniq_menkaure
D:5:      layout_basic, mainiacjoe_overflow_brackets,
          minmay_temple_entry_stoned_glass, kennysheep_donut
D:6:      layout_basic, grunt_temple_overflow_open
D:7:      layout_layer_cave, general_overflow_altar, cheibriados_altar_1,
          chequers_arboretum, uniq_pikel, uniq_maggie
D:8:      layout_basic, mainiacjoe_overflow_alcove_4
D:9:      layout_layer_cave, lair_entry_dummy
D:10:     layout_roguey, nicolae_wu_jian_wuxing_cycle, kennysheep_mini_moat,
          ebering_ghost_rock_garden, minmay_misc_feat_tiny,
          david_defended_altar_orc
D:11:     layout_irregular_city, hiddenorc1_lemuel, uniq_josephine
D:12:     layout_irregular_city, uniq_sonja
D:13:     layout_roguey [special_room_bee], serial_shops,
          nicolae_take_the_stairs
D:14:     layout_rooms, grunt_vaults_entry_fortified, minmay_misc_feat_five,
          serial_shops, shop_fountains
D:15:     hangedman_depths_entry_try_elsewhere_first, layout_basic,
          minivault_25_ag
Temple:   minmay_temple_bridge_abc
Lair:1:   layout_cave_pods, gammafunk_ghost_arena,
          portal_ice_cave_entry_pillars_2, uniq_grum
Lair:2:   gammafunk_lair_enchanted_lake, layout_chaotic_city,
          minmay_swamp_entry_worms, gammafunk_ghost_cemetery,
          nicolae_quartered_pool_medium, st_stairs_13
Lair:3:   layout_chaotic_city, spider_nest_entry_a, minmay_lindwurm_lava
Lair:4:   regret_index_bee_streams, layout_regular_city, grunt_megastairs_1
Lair:5:   layout_roguey, slime_dummy, basic_altar
Lair:6:   due_jungle_book, layout_concentric_octagons,
          minmay_lair_oklob_chamber, infiniplex_staircase_pool_2
Swamp:1:  layout_basic_swamp, evilmike_swamp_ruin_rubble_1, swamp_pool1
Swamp:2:  layout_basic_swamp, hangedman_swamp_diagram,
          infiniplex_staircase_pool, uniq_jorgrun, uniq_aizul
Swamp:3:  layout_falls_marsh, nicolae_swamp_godswood
Swamp:4:  swamp_basic_johnstein, layout_basic_swamp
Spider:1: layout_spider_delve, drop_trap
Spider:2: layout_spider_delve, nicolae_spider_claw_tunnel
Spider:3: layout_spider_delve, ebering_ghost_reflecting_pool, uniq_azrael
Spider:4: grunt_spider_rune_circles, uniq_bai_suzhen
Orc:1:    layout_caves, uniq_nergalle
Orc:2:    st_orc_ogre_mass, layout_caves, basic_altar
Vaults:1: v_pattern_2, v_misc_24, dpeg_vaults_monster_box, v_misc_27,
          nicolae_vaults_windows_and_doors_thing, grunt_vaults_diagonal,
          nicolae_vaults_little_squares_5, grunt_vaults_trifunnel,
          nicolae_vaults_mini_display_case, nicolae_vaults_little_squares_2,
          ontoclasm_vaults_ring_square, layout_vaults_maze
Vaults:2: st_cross, nicolae_vaults_puzzle_piece, v_misc_33,
          ontoclasm_vaults_ligature, nicolae_vaults_network_s, v_rooms_6,
          hangedman_vaults_stitches, hangedman_vaults_nodes, v_misc_22,
          vaults_room_semicircle, layout_vaults_omnibox
Vaults:3: minmay_crypt_entry_necro_gods, v_misc_3, v_misc_22, v_rooms_6,
          v_rooms_6, ontoclasm_vaults_ring_small, v_alt_pattern_2,
          ontoclasm_vaults_ring_square, vaults_room_door_hall,
          ontoclasm_vaults_loading_screen, ontoclasm_vaults_loading_screen,
          hangedman_vaults_capsules, nicolae_vaults_circle_grid_a,
          layout_vaults_ring
Vaults:4: v_alt_pattern_2, vaults_room_boxed, hangedman_vaults_cutoff,
          hangedman_vaults_snaps, ontoclasm_vaults_shout,
          layout_vaults_omnigrid, serial_shops, nicolae_shop_stone,
          uniq_saint_roka
Depths:1: kennysheep_scales, layout_honeycomb, enter_ziggurat_b, pan_entry,
          serial_shops, nicolae_shop_waterfront, grunt_hell_horde,
          lemuel_statue_altar, minmay_guarded_unrand_zonguldrok
Depths:2: hangedman_arch_fort, layout_cave_pools, kennysheep_nub,
          grunt_hell_entry_dis_mu
Depths:3: gammafunk_depths_water_palace, layout_basic,
          hangedman_tar_grid_catacomb, hangedman_abyss_entry_splay,
          grunt_pan_entry_in_and_out, nemelex_lonely_heart_becter, minivault_16,
          nrook_pool_corridor, uniq_boris

Skill      XL: |  1  2  3  4  5  6  7  8  9 10 11 12 13 14 15 16 17 18 19 20 21 22 23 24 25 |
---------------+----------------------------------------------------------------------------+-----
Fighting       | 4 5 6 8 9 10 11 15 | 15.0
Armour         | 2 3 4 5 7 9 11 12 14 15 | 15.0
Axes           | 4 5 6 9 11 13 14 16 17 19 20 21 22 23 24 25 26 27 | 27.0
Shields        | 1 7 10 12 13 14 15 16 17 | 17.3
Evocations     | 7 8 10 11 12 14 15 | 15.0
Dodging        | 4 7 8 |  8.4
Stealth        | |  2.4

Action                   |  1- 3 |  4- 6 |  7- 9 | 10-12 | 13-15 | 16-18 | 19-21 | 22-24 | 25-27 || total
-------------------------+-------+-------+-------+-------+-------+-------+-------+-------+-------++-------
Melee: Hand axe          |    59 |   223 |   302 |   140 |       |       |       |       |       ||   724
       War axe           |       |       |       |   344 |   542 |       |       |       |       ||   886
       Battleaxe         |       |       |       |    15 |    31 |       |       |       |       ||    46
       Scimitar          |       |       |       |       |    10 |       |       |       |       ||    10
       Executioner's axe |       |       |       |       |   342 |   620 |   879 |   931 |    65 ||  2837
Throw: Dart              |       |       |       |     7 |       |       |       |       |       ||     7
Invok: Potion Petition   |       |       |       |     2 |     2 |     4 |       |     2 |     3 ||    13
       Call Merchant     |       |       |       |       |     1 |     1 |     1 |       |       ||     3
 Abil: Shaft Self        |     1 |       |       |       |       |       |       |       |       ||     1
       Dig               |     1 |       |     8 |     8 |     4 |     3 |     5 |     2 |       ||    31
Evoke: Wand              |       |       |       |     5 |     7 |       |       |     1 |       ||    13
       Condenser vane    |       |       |       |       |       |       |     1 |     1 |     1 ||     3
  Use: Potion            |       |     3 |     2 |     1 |     3 |     3 |     4 |       |       ||    16
       Scroll            |       |       |    12 |     7 |     9 |     7 |     3 |     2 |       ||    40
 Stab: Sleeping          |     1 |       |       |       |       |       |       |       |       ||     1
       Distracted        |       |       |       |     2 |     9 |     1 |     6 |    12 |       ||    30
       Paralysed         |       |       |       |       |     3 |       |       |       |       ||     3
       Petrifying        |       |       |       |       |     1 |       |       |       |       ||     1
       Petrified         |       |       |       |       |     3 |       |       |       |       ||     3
Armor: Robe              |     3 |       |       |       |       |       |       |       |       ||     3
       Plate armour      |    27 |   170 |   120 |    12 |   155 |   216 |   316 |   255 |    24 ||  1295
       Skin              |       |       |     7 |    18 |       |       |       |       |       ||    25
       Swamp dragon scal |       |       |       |   112 |    72 |       |       |       |       ||   184
Dodge: Dodged            |    24 |    67 |   118 |   218 |   209 |   142 |   196 |   171 |    22 ||  1167
Block: Other             |       |       |       |    83 |       |       |       |       |       ||    83
       Kite shield       |       |       |       |     8 |   653 |   527 |   739 |   442 |    39 ||  2408
       Reflection        |       |       |       |       |     9 |    20 |     8 |       |       ||    37
       Rpst.: Scimitar   |       |       |       |       |     1 |       |       |       |       ||     1

Table legend: (Time is in decaauts)
 A = Elapsed time spent in this place.
 B = Non-inter-level travel time spent in this place.
 C = Inter-level travel time spent in this place.
 D = Time resting spent in this place.
 E = Time spent auto-exploring this place.
 F = Levels seen in this place.
 G = Mean time per level.
                   A        B        C        D        E       F      G
               +--------+--------+--------+--------+--------+-----+--------+
         Total |  40140 |  37854 |   2286 |   1296 |  26085 |  40 | 1003.5 |
       Dungeon |  16682 |  15581 |   1101 |    629 |  11246 |  15 | 1112.1 |
        Temple |    197 |    177 |     20 |      0 |    173 |   1 |  197.0 |
          Lair |   6040 |   5659 |    381 |     78 |   4067 |   6 | 1006.7 |
         Swamp |   2614 |   2478 |    136 |    147 |   1520 |   4 |  653.5 |
   Spider Nest |   4019 |   3866 |    153 |    187 |   2558 |   4 | 1004.8 |
  Orcish Mines |   1518 |   1326 |    192 |     99 |    660 |   2 |  759.0 |
        Vaults |   5007 |   4750 |    257 |      0 |   3356 |   4 | 1251.8 |
        Depths |   3135 |   3091 |     44 |    135 |   1983 |   3 | 1045.0 |
      Ice Cave |    923 |    923 |      0 |     21 |    521 |   1 |  923.0 |
               +--------+--------+--------+--------+--------+-----+--------+

Top non-repeatable levels by time:
     D:7: 1790 daAuts
     D:2: 1461 daAuts
Depths:1: 1441 daAuts
     D:9: 1369 daAuts
Vaults:4: 1367 daAuts
  Lair:2: 1303 daAuts
  Lair:6: 1297 daAuts
Vaults:1: 1261 daAuts
Vaults:2: 1240 daAuts
    D:11: 1234 daAuts
Spider:4: 1225 daAuts
Spider:2: 1196 daAuts
Vaults:3: 1137 daAuts
    D:15: 1135 daAuts
     D:4: 1092 daAuts
